cohdb
Replays
Latest Replays
All Replays
Popular Replays
Top Player Replays
Match Explorer
How It Works
Community
CoH3 Stats
Reddit
Sign in to upload your games and track your stats! →
Sign in with Steam
Match 46713105
Unlisted
Match 46713105
Overview
Messages
Build Orders
End
Construct Barracks
Riflemen Squad
Riflemen Squad
Grenade Package
Construct Weapon Support Center
Mechanized Support Center
Selects Advanced Infantry Battlegroup
Selects Convert to Ranger Squad
Convert to Ranger Squad
M3 Armored Personnel Carrier
Selects Frontline Medical Station
Frontline Medical Station
M3 Armored Personnel Carrier
Designate Forward Repair Station
1⁄4-ton 4x4 Truck
M1919 Machine Gun Team
Construct Tank Depot
Selects Ranger Weapon Training
M4A1 Sherman Medium Tank
Selects Ammunition Storage
Convert to Ranger Squad
M4A1 Sherman Medium Tank
Selects M2A1 105mm Howitzer Emplacement
Improvised Armor
Boneless
ValiantHawk
TacticalVanguard
BazookaJoe
Easily
Baembaer
raven182
Jamoro
0
0
Comments
sign in to comment!
No comments posted yet!